 Dungeon Crawl Stone Soup version 0.24.0-29-g8ce449bc06 (webtiles) character file.

Game seed: 12983048897101209330, levelgen mode: deterministic

122 Flugslaktarn the Shield-Bearer (level 4, 0/41 HPs)
             Began as a Minotaur Fighter on Nov 14, 2019.
             Slain by a slave (4 damage)
             ... led by Pikel
             ... on level 3 of the Dungeon.
             The game lasted 00:01:24 (2449 turns).

Flugslaktarn the Shield-Bearer (Minotaur Fighter)   Turns: 2449, Time: 00:01:25

Health: 0/41       AC:  8    Str: 21    XL:     4   Next: 78%
Magic:  3/3        EV:  7    Int:  5    God:
Gold:   209        SH:  9    Dex: 10    Spells: 3/3 levels left

rFire    . . .     SeeInvis .   s - +0 hand axe (elec)
rCold    . . .     Gourm    .   c - +0 shield
rNeg     . . .     Faith    .   b - +0 scale mail
rPois    .         Spirit   .   (helmet restricted)
rElec    .         Reflect  .   h - scarf {repulsion}
rCorr    .         Harm     .   g - +0 pair of gloves
MR       .....                  (no boots)
Stlth    ..........             (no amulet)
HPRegen  0.13/turn              (no ring)
MPRegen  0.08/turn              (no ring)

@: repel missiles
A: retaliatory headbutt, horns 2
a: no special abilities


You were on level 3 of the Dungeon.
You were not hungry.

You visited 1 branch of the dungeon, and saw 4 of its levels.

You collected 209 gold pieces.

Inventory:

Hand Weapons
 a - a +0 war axe
 s - a +0 hand axe of electrocution (weapon)
   (You found it on level 3 of the Dungeon)
Armour
 b - a +0 scale mail (worn)
 c - a +0 shield (worn)
 g - a +0 pair of gloves (worn)
   (You found it on level 1 of the Dungeon)
 h - a scarf of repulsion (worn)
   (You found it on level 1 of the Dungeon)
Wands
 t - a wand of paralysis (2)
   (You took it off Ijyb on level 3 of the Dungeon)
Scrolls
 f - 4 scrolls of amnesia {unknown}
 j - 4 scrolls of identify {unknown}
 k - a scroll of enchant weapon {unknown}
 l - a scroll of fog {unknown}
 n - 2 scrolls of teleportation {unknown}
 q - 5 scrolls of remove curse {unknown}
 v - a scroll of fear {unknown}
Potions
 d - 2 potions of might
 i - a potion of magic {unknown}
 m - a potion of berserk rage {unknown}
 p - 2 potions of brilliance {unknown}
 r - a potion of mutation {unknown}
 u - a potion of invisibility
Comestibles
 e - 5 rations
 o - 3 chunks of flesh


   Skills:
 + Level 4.3 Fighting
 * Level 4.3 Axes
 + Level 4.3 Armour
 + Level 4.4 Shields


You had 3 spell levels left.
You didn't know any spells.
Your spell library was empty.

Dungeon Overview and Level Annotations

Branches:
Dungeon (4/15)
 Temple: D:4-7

Altars:

Annotations:
D:4 Pikel


Innate Abilities, Weirdness & Mutations

You reflexively headbutt those who attack you in melee.
You have a pair of horns on your head.


Message History

You block the quokka's attack. You block the slave's attack.
The slave hits you but does no damage.
The quokka bites you but does no damage. x2
The quokka barely misses you. You block the quokka's attack.
The quokka twitches its whiskers.
There is an open door here.
You hit the slave but do no damage. Lightning courses through the slave!
You headbutt the slave.
You kill the slave!
That felt strangely unrewarding.
You hit the quokka but do no damage. The quokka barely misses you.
You hit the quokka. Your headbutt misses the quokka.
The quokka is almost dead.
You block the quokka's attack. The quokka bites you.
* * * LOW HITPOINT WARNING * * *
You slash the quokka!
You kill the quokka!
The slave hits you.
You die...

#.#####
#.......(...##.###..
#...(.# #.......#().##.#
#..
#####.##############...##.#
#.. #.(...# ######.###.#
#.. #.....# #.p..p..##.#
#.. #.....######r#####.##.#
#.. #..(......##.# #.....#
### #.........##.# #.p...#
#.........@p.# #.....#
#.........#### #.....#
#.........# #....>#
#.........# #.....#
######....# #.....# ######
#≈#.#.## #≈≈....# #≈.....##
##...≈≈≈###


You could see a slave.

Vanquished Creatures
  2 slaves
  Ijyb (D:3)
  A hound skeleton (D:4)
  An adder (D:3)
  3 worms (D:3)
  A leopard gecko (D:2)
  An orc (D:2)
  4 ball pythons
  9 goblins
  6 hobgoblins
  9 jackals
  7 kobolds
  6 quokkas
  2 bats
  9 frilled lizards
  6 rats
68 creatures vanquished.

Notes
Turn   | Place    | Note
-------+----------+-------------------------------------------
     0 | D:1      | Flugslaktarn the Minotaur Fighter began the quest for the
                  | Orb.
     0 | D:1      | Reached XP level 1. HP: 19/19 MP: 0/0
    87 | D:1      | You fall into a shaft and drop 1 floor!
   374 | D:1      | Reached XP level 2. HP: 27/27 MP: 1/1
  1184 | D:2      | Reached XP level 3. HP: 33/33 MP: 2/2
  1794 | D:3      | Noticed Ijyb
  1800 | D:3      | Paralysed by something for 3 turns
  1809 | D:3      | Killed Ijyb
  1809 | D:3      | Reached XP level 4. HP: 32/40 MP: 3/3
  2417 | D:4      | Noticed Pikel
  2417 | D:4      | Noticed a slave
  2418 | D:4      | Noticed a slave
  2418 | D:4      | Noticed a slave
  2419 | D:4      | Noticed a slave
  2421 | D:4      | Killed a slave
  2446 | D:3      | Killed a slave
  2449 | D:3      | Slain by a slave

Levels and vault maps discovered:
D:1:      minmay_arrival_doors, layout_loops_corners,
          chequers_serial_rivers_small_a, minmay_octomino_e4
D:2:      layout_basic
D:3:      layout_basic, chequers_serial_rivers_small_b, uniq_ijyb
D:4:      kennysheep_six_static_rooms, layout_rooms, first_ration,
          ebering_ghost_disaster_area, uniq_pikel

Skill      XL: |  1  2  3  4 |
---------------+-------------+-----
Axes           | 3 4 |  4.3
Fighting       | 4 |  4.3
Armour         | 4 |  4.3
Shields        | 4 |  4.4

Action                   |  1- 3 |  4- 6 || total
-------------------------+-------+-------++-------
Melee: War axe           |    86 |       ||    86
       Headbutt          |    11 |     7 ||    18
       Hand axe          |    17 |    55 ||    72
  Eat: Chunk             |     3 |     2 ||     5
Armor: Scale mail        |    64 |    22 ||    86
Dodge: Dodged            |    29 |    15 ||    44
       Deflected         |     1 |       ||     1
Block: Shield            |    55 |    31 ||    86
